 Dungeon Crawl Stone Soup version 0.31.0-12-g77e489cdc1 (webtiles) character file.

Game seed: 12727127588100531201

4592 Ashen the Grappler (level 10, -4/98 HPs)
             Began as a Troll Shapeshifter on Feb 16, 2024.
             Was a Follower of Wu Jian.
             Slain by a sky beast (6 damage)
             ... on level 8 of the Dungeon.
             The game lasted 00:10:58 (5360 turns).

Ashen the Grappler (Troll Shapeshifter)             Turns: 5360, Time: 00:10:58

Health: -4/98      AC:  2    Str: 24    XL:     10   Next: 18%
Magic:  0/9        EV: 16    Int:  6    God:    Wu Jian [*.....]
Gold:   363        SH:  0    Dex: 13    Spells: 9/9 levels left

rFire   + .          .
                       - Unarmed
rCold   x . .        (shield currently unavailable)
rNeg    . . .        t - melded +0 steam dragon scales
rPois   .            (helmet restricted)
rElec   .            (no cloak)
rCorr   .            (gloves unavailable)
SInv    .            (boots unavailable)
Will    .....        m - amulet of guardian spirit
Stlth   +            e - ring of fire
HPRegen 1.16/turn    (no ring)
MPRegen 0.11/turn

%: guardian spirit
@: flux-form, glowing, studying Polearms
A: glow, contaminating, large, unfitting armour, claws 3, regeneration 1, shaggy
fur 1, tough skin 1
a: Begin Untransformation, Renounce Religion


You were on level 8 of the Dungeon.
You worshipped Wu Jian.
Wu Jian was aware of your devotion.
You were something dangerously unstable.
You visited 2 branches of the dungeon, and saw 9 of its levels.

You collected 363 gold pieces.

Inventory:

Armour
 a - a +0 animal skin
 t - +0 steam dragon scales (melded)
Jewellery
 e - a ring of fire (left claw)
 m - an amulet of guardian spirit (around neck)
 y - the amulet of Doubts {Harm rF+ Regen+ Str+7}
   (You took it off a kobold brigand on level 8 of the Dungeon)

   [amulet of regeneration]

   Str+7:     It affects your strength (+7).
   rF+:       It protects you from fire.
   Regen+:    It increases your rate of health regeneration.
   Harm:      It increases damage dealt and taken.
Talismans
 c - a beast talisman
 d - a flux talisman (active)
 s - a serpent talisman
Wands
 l - a wand of flame (8)
 r - a wand of polymorph (15)
Scrolls
 f - a scroll of acquirement {unknown}
 g - 2 scrolls of teleportation {unknown}
 h - a scroll of amnesia {unknown}
 i - 4 scrolls of immolation {unknown}
 k - 2 scrolls of fog {unknown}
 o - 2 scrolls of noise {unknown}
 p - 2 scrolls of torment {unknown}
 q - 3 scrolls of identify {unknown}
 u - 2 scrolls of poison {unknown}
 w - a scroll of enchant weapon {unknown}
Potions
 b - a potion of lignification
 j - 2 potions of cancellation {unknown}
 n - a potion of heal wounds {unknown}
 v - a potion of attraction {unknown}
 x - a potion of resistance
 z - a potion of ambrosia {unknown}
 A - a potion of brilliance {unknown}
 B - a potion of curing {unknown}


   Skills:
 + Level 6.2 Fighting
 + Level 6.4 Dodging
 + Level 8.1 Unarmed Combat
 + Level 7.5 Shapeshifting


You had 9 spell levels left.
You didn't know any spells.
Your spell library contained the following spells:

 Spells                   Type           Power      Damage    Failure   Level
 Apportation              Tloc           0%         N/A       45%         1
 Jinxbite                 Hex            0%         N/A       58%         2
 Dazzling Flash           Conj/Hex       0%         N/A       83%         3
 Volatile Blastmotes      Fire/Tloc      0%         2d10      83%         3
 Leda's Liquefaction      Alch/Erth      0%         N/A       99%         4
 Alistair's Intoxication  Alch           0%         N/A       100%        5
 Lee's Rapid Deconstruct  Erth           0%         3d4*      100%        5
 Bombard                  Conj/Erth      0%         9d1       100%        6
 Starburst                Conj/Fire      0%         6d3       100%        6
 Maxwell's Capacitive Co  Air            0%         ∞         100%        8


Dungeon Overview and Level Annotations

Branches:
Dungeon (8/15)             Temple (1/1) D:6
   Lair: D:8-11

Altars:
Ashenzari
Dithmenos
Elyvilon
Fedhas
Gozag
Hepliaklqana
Kikubaaqudgha
Makhleb
Nemelex Xobeh
Okawaru
Qazlal
Sif Muna
Trog
Uskayaw
Vehumet
Wu Jian
Xom
Zin
The Shining One

Annotations:
D:5 2 transporters
D:7 1 runed translucent door, Skimidon's ghost, amateur VSEn


Innate Abilities, Weirdness & Mutations

You are something dangerously unstable.
You glow with magical radiation, making you easy to see and hit.
Foes you strike become dangerously contaminated with magical radiation.
You are incapable of wielding weapons or throwing items.
You are too large for most types of armour.
You have claws for hands.
Your natural rate of healing is unusually fast.
You are covered in fur. (AC +1)
You have tough skin. (AC +1)


Message History

The manticore misses you. x2; The manticore closely misses you.
You scratch the manticore.
The manticore glows dangerously bright.
The manticore is lightly wounded.
The manticore bites you!
* * * LOW HITPOINT WARNING * * *
The manticore barely misses you. The manticore misses you.
You scratch the manticore.
The manticore shudders as magic cascades through it!!
The manticore twists and deforms.
The manticore is severely wounded.
The manticore bites you!
* * * LOW HITPOINT WARNING * * *
The manticore claws you but does no damage.
The manticore claws you.
* * * LOW HITPOINT WARNING * * *
Unknown command.
You closely miss the manticore.
The manticore is severely wounded.
The manticore bites you but does no damage.
The manticore claws you.
* * * LOW HITPOINT WARNING * * *
The manticore claws you!
* * * LOW HITPOINT WARNING * * *
You scratch the manticore.
The manticore begins to glow.
The manticore is severely wounded.
You claw the manticore!
The manticore glows dangerously bright.
The manticore is almost dead.
The manticore bites you but does no damage.
The manticore completely misses you. The manticore claws you.
* * * LOW HITPOINT WARNING * * *
You can't wield anything in your present form.
You claw the manticore!
You kill the manticore!
The Council accepts your kill.
The sky beast flickers out of sight!
Deactivating autopickup; reactivate with Ctrl-A.
Something hits you.
* * * LOW HITPOINT WARNING * * *
Something shocks you.
You die...

####(..#.# ...#####.##)#
.....###)# ##.###
.....##..###+### #+
.....#..##..#..##
.......##..#.#..##
......##..#...#..## ###
.#....#..#..#..#..# .%}#
.##...#.#..#.#..#.##..=.#
....[.'#..#..)#.p#)J{#
......#.#..#.#..#.#.)..#
......#..#..#..#..#:}...#
......##..#...#..####'###
.......##..#.#..## J..
........##..#..## .##
###.###..###+### # #. #.


There were no monsters in sight!

Vanquished Creatures
  A boulder beetle (D:8)
  An arcanist (D:8)
  2 manticores (D:8)
  A hornet (D:8)
  A wyvern (D:7)
  2 steam dragons
  2 water moccasins
  An ice beast (D:8)
  An orc warrior (D:7)
  3 ogres (D:5)
  A centaur (D:8)
  2 kobold brigands (D:8)
  2 bullfrogs (D:7)
  2 scorpions (D:6)
  2 wights (D:8)
  4 howler monkeys
  2 orc priests
  A gnoll bouda (D:4)
  5 hounds
  3 jellies
  5 iguanas
  2 orc wizards
  8 gnolls
  5 adders
  2 white imps
  4 dart slugs
  2 ribbon worms (D:2)
  16 orcs
  8 bats
  10 endoplasms
  3 giant cockroaches
  6 goblins
  6 hobgoblins
  A jackal (D:1)
  4 quokkas
  7 ball pythons
  3 frilled lizards
  14 kobolds
  12 rats
157 creatures vanquished.

Notes
Turn   | Place    | Note
-------+----------+-------------------------------------------
     0 | D:1      | Ashen the Troll Shapeshifter began the quest for the Orb.
     0 | D:1      | Reached XP level 1. HP: 18/18 MP: 0/0
    17 | D:1      | Reached skill level 1 in Fighting
    29 | D:1      | Reached XP level 2. HP: 27/27 MP: 1/1
   300 | D:1      | Reached XP level 3. HP: 33/33 MP: 2/2
   803 | D:2      | Found a faded altar of an unknown god.
  1222 | D:3      | Reached XP level 4. HP: 34/41 MP: 3/3
  1288 | D:3      | Found a sparkling altar of Nemelex Xobeh.
  1821 | D:4      | Reached XP level 5. HP: 44/49 MP: 4/4
  1895 | D:4      | Noticed a steam dragon
  1907 | D:4      | Killed a steam dragon
  1908 | D:4      | Reached skill level 4 in Unarmed Combat
  1908 | D:4      | Reached XP level 6. HP: 39/59 MP: 2/5
  2478 | D:5      | Entered Level 5 of the Dungeon
  2531 | D:5      | Found a transporter.
  2594 | D:5      | Reached XP level 7. HP: 59/67 MP: 4/6
  2887 | D:5      | Reached skill level 5 in Unarmed Combat
  2923 | D:5      | Found a transporter.
  3297 | D:6      | Reached skill level 5 in Shapeshifting
  3487 | D:6      | Reached XP level 8. HP: 70/78 MP: 5/7
  3643 | D:6      | Found a staircase to the Ecumenical Temple.
  3709 | Temple   | Entered the Ecumenical Temple
  3729 | Temple   | Became a worshipper of the Wu Jian Council
  4098 | D:7      | Reached skill level 6 in Unarmed Combat
  4291 | D:7      | Found a runed translucent door.
  4298 | D:7      | Noticed Skimidon's ghost (amateur VSEn)
  4371 | D:7      | Reached skill level 5 in Dodging
  4986 | D:8      | Reached XP level 9. HP: 87/87 MP: 8/8
  5047 | D:8      | Reached skill level 5 in Fighting
  5067 | D:8      | Identified the +3 long sword of Pairoan {protect, rCorr
                  | Int+3 Dex-4 SInv}
  5071 | D:8      | Identified the amulet of Doubts {Harm rF+ Regen+ Str+7}
  5073 | D:8      | Noticed a boulder beetle
  5101 | D:8      | Killed a boulder beetle
  5102 | D:8      | Reached skill level 7 in Unarmed Combat
  5219 | D:8      | Paralysed by a hornet for 1 turns
  5224 | D:8      | Paralysed by a hornet for 2 turns
  5232 | D:8      | Reached * piety under Wu Jian
  5328 | D:8      | Noticed an arcanist
  5331 | D:8      | Noticed a manticore
  5345 | D:8      | Noticed a manticore
  5349 | D:8      | Killed a manticore
  5352 | D:8      | Killed an arcanist
  5353 | D:8      | Reached skill level 8 in Unarmed Combat
  5353 | D:8      | Reached XP level 10. HP: 37/98 MP: 4/9
  5356 | D:8      | HP: 4/98 [manticore (8)]
  5359 | D:8      | Killed a manticore
  5360 | D:8      | Slain by a sky beast

Illustrated notes

Levels and vault maps discovered:
D:1:      minmay_arrival_open_corners, layout_basic, chequers_avenue,
          minmay_tetromino_t4
D:2:      layout_rooms, ebering_ecumenical_altar_box
D:3:      layout_basic, mainiacjoe_overflow_concentric_impassable,
          serial_bayou_pond_c, hex_medium
D:4:      layout_loops_cross, minmay_manual_maat
D:5:      gammafunk_cloud_chamber, layout_layer_cave, mrwooster_statue_mirror
D:6:      layout_basic, minmay_temple_entry_butterflies
D:7:      layout_gridville, ebering_ghost_reflecting_pool
D:8:      minmay_the_grid_octo_tiled_squarecenter
          [minmay_the_grid_octo_thin_diamonds, minmay_the_grid_octo_clover_2,
          minmay_the_grid_octo_empty, minmay_the_grid_octo_clover,
          minmay_the_grid_square_5x5_megaprize_crossed,
          minmay_the_grid_square_5x5_six_small, minmay_the_grid_square_5x5_z,
          minmay_the_grid_square_5x5_detours,
          minmay_the_grid_square_5x5_spiral_small], layout_rooms, minmay_puff
Temple:   regret_index_temple_mists

Skill      XL: |  1  2  3  4  5  6  7  8  9 |
---------------+----------------------------+-----
Fighting       | 1 2 3 4 6 |  6.2
Dodging        | 2 3 4 5 6 |  6.4
Unarmed Combat | 4 5 6 8 |  8.1
Shapeshifting  | 4 5 6 7 |  7.5

Action                     |  1- 3 |  4- 6 |  7- 9 | 10-12 || total
---------------------------+-------+-------+-------+-------++-------
  Melee: Unarmed           |   122 |   117 |   194 |     7 ||   440
         Punch             |     2 |     2 |     8 |       ||    12
Ability: Lunge             |       |       |     5 |       ||     5
    Use: Potion            |       |       |     1 |       ||     1
   Stab: Distracted        |       |     1 |     1 |       ||     2
         Sleeping          |       |     1 |       |       ||     1
 Armour: Animal skin       |    78 |    70 |    56 |       ||   204
         Skin              |       |       |    29 |    10 ||    39
         Steam dragon scal |       |       |    33 |       ||    33
  Dodge: Dodged            |    55 |    48 |    83 |     6 ||   192
   Form: Flux              |       |       |     1 |       ||     1
